[Event "EYCC Open-U14 2019"]
[Site "Bratislava"]
[Date "2019.08.08"]
[Round "7.31"]
[White "Musyuk, Lior"]
[Black "Velkoski, Stojan"]
[Result "1-0"]
[ECO "C55"]
[WhiteElo "2236"]
[BlackElo "1389"]
[Annotator "NA"]
[PlyCount "59"]
[EventDate "2019.08.02"]
[EventType "swiss"]
[EventCountry "SVK"]
[SourceTitle "playchess.com"]
[Source "ChessBase"]
[SourceQuality "1"]
[TimeControl "40/5400+30:1800+30"]

1. e4 e5 2. Nf3 Nc6 3. d4 exd4 4. Bc4 Nf6 5. e5 d5 6. Bb5 Ne4 7. Nxd4 Bd7 8. Bxc6 bxc6 9. O-O Bc5 10. Be3 Bb6 11. f3 Ng5 12. Qd2 Ne6 13. Nb3 Qe7 14. f4 Rd8 15. Bxb6 cxb6 16. f5 Nc5 17. Nc3 O-O 18. Rae1 Rfe8 19. Qf4 g6 20. Nd4 gxf5 21. e6 Nxe6 22. Qg3+ Kh8 23. Nxf5 Qf8 24. Nd6 Re7 25. Qe5+ Qg7 26. Nxf7+ Rxf7 27. Rxf7 Qxe5 28. Rxe5 Be8 29. Rf6 Nd4 30. Rf8+ 1-0

[Event "EYCC Open-U14 2019"]
[Site "Bratislava"]
[Date "2019.08.08"]
[Round "7.32"]
[White "Antal, Hunor-Zoltan"]
[Black "Stalmach, Richard"]
[Result "1-0"]
[ECO "E68"]
[WhiteElo "1980"]
[BlackElo "2381"]
[Annotator "NA"]
[PlyCount "113"]
[EventDate "2019.08.02"]
[EventType "swiss"]
[EventCountry "SVK"]
[SourceTitle "playchess.com"]
[Source "ChessBase"]
[SourceQuality "1"]
[TimeControl "40/5400+30:1800+30"]

1. d4 Nf6 2. Nf3 g6 3. c4 Bg7 4. g3 O-O 5. Bg2 d6 6. Nc3 Nbd7 7. O-O e5 8. e4 exd4 9. Nxd4 c6 10. h3 Re8 11. Be3 a5 12. Rc1 Nc5 13. Qc2 a4 14. Rfd1 Qa5 15. Nde2 Be6 16. Rxd6 Bxc4 17. Rcd1 Bxe2 18. Qxe2 Nfxe4 19. Nxe4 Nxe4 20. Bxe4 Rxe4 21. Rd7 Qb4 22. Qf3 f5 23. g4 f4 24. Bd2 Qc4 25. b3 axb3 26. axb3 Qe6 27. Bc3 Bf8 28. Rxb7 Re8 29. Rdd7 Re7 30. Rxe7 Bxe7 31. Rb8+ Kf7 32. Rh8 Qd5 33. Rxh7+ Ke8 34. Kg2 Bc5 35. Rh8+ Ke7 36. Rh7+ Ke8 37. Rh8+ Ke7 38. Rh7+ Ke6 39. Rh8 Kd7 40. Ba5 Ke7 41. Rd8 Bd6 42. Bc7 Bxc7 43. Rxd5 cxd5 44. h4 Bd6 45. h5 gxh5 46. gxh5 Re5 47. h6 Rg5+ 48. Kh3 Kf6 49. Qc3+ Be5 50. Qc6+ Kf5 51. Qxd5 Rh5+ 52. Kg2 Rxh6 53. b4 Rg6+ 54. Kf3 Kf6 55. Ke4 Rg5 56. Qd8+ Kg6 57. Qxg5+ 1-0

[Event "EYCC Open-U14 2019"]
[Site "Bratislava"]
[Date "2019.08.08"]
[Round "7.33"]
[White "Stamatiou, Rodolfos"]
[Black "Dahl, Max"]
[Result "1/2-1/2"]
[ECO "C14"]
[WhiteElo "2121"]
[BlackElo "1981"]
[Annotator "NA"]
[PlyCount "144"]
[EventDate "2019.08.02"]
[EventType "swiss"]
[EventCountry "SVK"]
[SourceTitle "playchess.com"]
[Source "ChessBase"]
[SourceQuality "1"]
[TimeControl "40/5400+30:1800+30"]

1. e4 e6 2. d4 d5 3. Nc3 Nf6 4. Bg5 Be7 5. e5 Nfd7 6. Bxe7 Qxe7 7. f4 O-O 8. Qh5 f6 9. Bd3 g6 10. Qh6 c5 11. exf6 Rxf6 12. Nf3 Nc6 13. dxc5 Nxc5 14. O-O-O Nxd3+ 15. Rxd3 Qf8 16. Qxf8+ Rxf8 17. g3 Bd7 18. Ne2 Rac8 19. Ned4 Rfe8 20. Nxc6 Bxc6 21. Re1 Bd7 22. c3 b5 23. b4 a5 24. a3 axb4 25. axb4 Ra8 26. Kb2 Ra7 27. Ra1 Rxa1 28. Kxa1 Ra8+ 29. Kb2 Kf8 30. Ne5 Ke7 31. h4 Kd6 32. Nf7+ Ke7 33. Ng5 h6 34. Nf3 Kd6 35. Ne5 Be8 36. Ng4 h5 37. Ne5 Ra7 38. Nf3 Bd7 39. Rd1 Ra8 40. Rg1 Bc6 41. Ne5 Be8 42. Re1 Ra7 43. Nd3 Bd7 44. Nc5 Ke7 45. Nb3 Kf6 46. Re5 Be8 47. Na5 Rd7 48. Nc6 Rd6 49. Nd4 Ra6 50. Nb3 Ra7 51. Nc5 Bd7 52. Rg5 Be8 53. Nd3 Rd7 54. Ne5 Rh7 55. Kc2 Ra7 56. g4 Rh7 57. gxh5 Rxh5 58. Ng4+ Ke7 59. Rxh5 gxh5 60. Ne3 Bg6+ 61. Kd2 Kd6 62. Nf1 Be4 63. Ng3 Bg6 64. Ke3 e5 65. Ne2 Ke6 66. fxe5 Kxe5 67. Nf4 Be8 68. Nd3+ Kf5 69. Nf2 Ke5 70. Nd3+ Kf5 71. Nf2 Ke5 72. Nh3 Kf5 {[%emt 0:00:38] Ke4+ Ke5+} 1/2-1/2

[Event "EYCC Open-U14 2019"]
[Site "Bratislava"]
[Date "2019.08.08"]
[Round "7.34"]
[White "Cuttoli, Alexandre"]
[Black "Czernek, Tymon"]
[Result "0-1"]
[ECO "A57"]
[WhiteElo "1848"]
[BlackElo "2003"]
[Annotator "NA"]
[PlyCount "92"]
[EventDate "2019.08.02"]
[EventType "swiss"]
[EventCountry "SVK"]
[SourceTitle "playchess.com"]
[Source "ChessBase"]
[SourceQuality "1"]
[TimeControl "40/5400+30:1800+30"]

1. d4 Nf6 2. c4 c5 3. d5 b5 4. cxb5 a6 5. Nc3 axb5 6. e4 b4 7. Nb5 d6 8. Bc4 Nbd7 9. Nf3 Nb6 10. Bd3 g6 11. O-O Bg7 12. Bg5 O-O 13. a3 Bd7 14. Qe2 c4 15. Bxc4 Nxc4 16. Qxc4 Bxb5 17. Qxb5 Nxe4 18. Bc1 bxa3 19. Rxa3 Rxa3 20. bxa3 Nc3 21. Qb7 Qc8 22. Qxc8 Rxc8 23. Bg5 Nxd5 24. Rd1 e6 25. h3 h6 26. Bd2 Ra8 27. Bb4 Ra6 28. Nd4 Bxd4 29. Rxd4 Nxb4 30. axb4 d5 31. Rh4 Kg7 32. Rd4 Kf6 33. f4 Ra2 34. g3 Ke7 35. Kf1 Kd6 36. Rd3 Rb2 37. Rd4 f6 38. h4 h5 39. Kg1 e5 40. fxe5+ fxe5 41. Rd3 Rxb4 42. Kg2 Rb2+ 43. Kh3 e4 44. Re3 Ke5 45. Re1 d4 46. g4 Rb3+ 0-1

[Event "EYCC Open-U14 2019"]
[Site "Bratislava"]
[Date "2019.08.08"]
[Round "7.35"]
[White "Popov, Maksim M."]
[Black "Nareks, Matic"]
[Result "1/2-1/2"]
[ECO "B08"]
[WhiteElo "2152"]
[BlackElo "1937"]
[Annotator "NA"]
[PlyCount "198"]
[EventDate "2019.08.02"]
[EventType "swiss"]
[EventCountry "SVK"]
[SourceTitle "playchess.com"]
[Source "ChessBase"]
[SourceQuality "1"]
[TimeControl "40/5400+30:1800+30"]

1. e4 g6 2. d4 d6 3. Nf3 Nf6 4. Nc3 Bg7 5. Bc4 c6 6. a4 O-O 7. O-O Qc7 8. h3 Nbd7 9. Qe2 e5 10. dxe5 dxe5 11. Be3 b6 12. Nd2 Nh5 13. Rfe1 Re8 14. Nf3 Nf8 15. Ng5 Ne6 16. Bxe6 Bxe6 17. Nxe6 Rxe6 18. g3 Bf6 19. Red1 Ng7 20. Qc4 Re7 21. b4 Qc8 22. Rd6 Re6 23. Rad1 Be7 24. Rd7 Ne8 25. R7d2 Rd6 26. Kg2 Rxd2 27. Rxd2 Nd6 28. Qb3 Qe6 29. Qxe6 fxe6 30. b5 cxb5 31. Nxb5 Nxb5 32. axb5 Rd8 33. Rxd8+ Bxd8 34. f4 Bc7 35. Kf3 Kf7 36. c4 Kf6 37. c5 exf4 38. gxf4 bxc5 39. Bxc5 Bb6 40. Bd6 Bd4 41. h4 Kf7 42. Bb8 Ke7 43. Kg4 Kf7 44. Kg5 Kg7 45. h5 Bf6+ 46. Kg4 Bd4 47. Bc7 Bc3 48. Bd6 Bd4 49. Bb8 Kf6 50. Bc7 Kg7 51. Ba5 Kf6 52. Bd8+ Kg7 53. Kg5 Bc3 54. Be7 Bd4 55. Kg4 Kf7 56. Bh4 Bc5 57. Be1 Bd4 58. Bd2 Kf6 59. Ba5 Kg7 60. Bd8 Bc3 61. Kg5 Bb2 62. Be7 Bd4 63. Bb4 Bf6+ 64. Kg4 Bd4 65. Bd2 Kf6 66. Bc1 Kg7 67. Ba3 Kf6 68. Bf8 Kf7 69. Bb4 Kf6 70. Bd2 Kg7 71. Bb4 Kf6 72. Ba5 Bb2 73. Bd8+ Kg7 74. f5 exf5+ 75. exf5 gxh5+ 76. Kxh5 Bf6 77. Bc7 Bd4 78. Kg4 Kf6 79. Bd8+ Kf7 80. Bh4 Bb6 81. Kf4 Bc7+ 82. Ke4 Bb6 83. Kd5 Be3 84. Ke4 Bb6 85. Bg5 Bc5 86. Bh4 Bb6 87. Kd5 Be3 88. Kc6 Bd4 89. Kb7 h5 90. Kc6 Bf6 91. Bf2 h4 92. Kd5 h3 93. Bg3 Bh4 94. Bh2 Kf6 95. Ke4 Bf2 96. Kf3 Bb6 97. Kg4 Be3 98. Bc7 Bb6 99. Bf4 Be3 1/2-1/2

[Event "EYCC Open-U14 2019"]
[Site "Bratislava"]
[Date "2019.08.08"]
[Round "7.36"]
[White "Cappelletto, Joshuaede"]
[Black "Tabuenca Mendataurigoitia, Pedro"]
[Result "1-0"]
[ECO "B40"]
[WhiteElo "2138"]
[BlackElo "1839"]
[Annotator "NA"]
[PlyCount "73"]
[EventDate "2019.08.02"]
[EventType "swiss"]
[EventCountry "SVK"]
[SourceTitle "playchess.com"]
[Source "ChessBase"]
[SourceQuality "1"]
[TimeControl "40/5400+30:1800+30"]

1. e4 c5 2. Nf3 e6 3. d4 cxd4 4. Nxd4 Qb6 5. Nb3 Qc7 6. Bd3 a6 7. O-O Nf6 8. Nc3 Be7 9. Qe2 d6 10. Kh1 b5 11. a3 Bb7 12. f4 Nbd7 13. Bd2 e5 14. f5 h5 15. Rad1 Nc5 16. Bg5 h4 17. Bxf6 gxf6 18. Rf3 O-O-O 19. Nd5 Bxd5 20. exd5 Nxb3 21. cxb3 Kb8 22. a4 bxa4 23. Bxa6 Qa5 24. Ra1 Qxd5 25. Rxa4 Rd7 26. Rb4+ Ka8 27. Bd3 Qc6 28. Bb5 Qb6 29. Rc3 Ra7 30. Ra4 Rxa4 31. bxa4 Rb8 32. Qe4+ Rb7 33. Bc6 Qxb2 34. Bxb7+ Kb8 35. Rc8+ Ka7 36. Ra8+ Kb6 37. Qc6# 1-0

[Event "EYCC Open-U14 2019"]
[Site "Bratislava"]
[Date "2019.08.08"]
[Round "7.37"]
[White "Vanduyfhuys, Igor"]
[Black "Fardet, Elouan"]
[Result "0-1"]
[ECO "B59"]
[WhiteElo "1804"]
[BlackElo "2047"]
[Annotator "NA"]
[PlyCount "48"]
[EventDate "2019.08.02"]
[EventType "swiss"]
[EventCountry "SVK"]
[SourceTitle "playchess.com"]
[Source "ChessBase"]
[SourceQuality "1"]
[TimeControl "40/5400+30:1800+30"]

1. e4 c5 2. Nf3 d6 3. d4 cxd4 4. Nxd4 Nf6 5. Nc3 Nc6 6. Be2 e5 7. Nb3 Be7 8. O-O O-O 9. f4 exf4 10. Bxf4 a6 11. Kh1 b5 12. Bf3 Ne5 13. Nd4 Bb7 14. a3 Re8 15. Nd5 Nxd5 16. exd5 Qb6 17. c3 Rac8 18. Be4 Bf6 19. Be3 Qd8 20. a4 Nc4 21. Bxh7+ Kxh7 22. Qh5+ Kg8 23. Bg5 Re5 24. Rxf6 Qxf6 0-1

[Event "EYCC Open-U14 2019"]
[Site "Bratislava"]
[Date "2019.08.08"]
[Round "7.38"]
[White "Creanga, Robert-Ionut"]
[Black "Protassov, Vlad"]
[Result "1-0"]
[ECO "D35"]
[WhiteElo "2024"]
[BlackElo "1898"]
[Annotator "NA"]
[PlyCount "57"]
[EventDate "2019.08.02"]
[EventType "swiss"]
[EventCountry "SVK"]
[SourceTitle "playchess.com"]
[Source "ChessBase"]
[SourceQuality "1"]
[TimeControl "40/5400+30:1800+30"]

1. d4 Nf6 2. c4 e6 3. Nc3 d5 4. cxd5 exd5 5. Bg5 Be7 6. e3 c6 7. Bd3 O-O 8. Qc2 Nbd7 9. Nf3 h6 10. Bf4 Nh5 11. Be5 Nhf6 12. O-O Nxe5 13. Nxe5 Ng4 14. Nf3 Bd6 15. h3 Nf6 16. Ne5 Bxe5 17. dxe5 Nd7 18. f4 Qb6 19. Rf3 Nc5 20. Bf1 d4 21. Ne4 Nxe4 22. Qxe4 Qxb2 23. Rb1 Qxa2 24. Bd3 g6 25. Rg3 Kh8 26. Qxd4 Qd5 27. Qc3 Be6 28. e4 Qd8 29. f5 1-0

[Event "EYCC Open-U14 2019"]
[Site "Bratislava"]
[Date "2019.08.08"]
[Round "7.39"]
[White "Briem, Benedikt"]
[Black "Paduano, Claudio"]
[Result "1-0"]
[ECO "D35"]
[WhiteElo "1901"]
[BlackElo "2037"]
[Annotator "NA"]
[PlyCount "119"]
[EventDate "2019.08.02"]
[EventType "swiss"]
[EventCountry "SVK"]
[SourceTitle "playchess.com"]
[Source "ChessBase"]
[SourceQuality "1"]
[TimeControl "40/5400+30:1800+30"]

1. d4 Nf6 2. c4 e6 3. Nc3 d5 4. cxd5 Nxd5 5. e4 Nxc3 6. bxc3 c5 7. Nf3 cxd4 8. cxd4 Bb4+ 9. Bd2 Bxd2+ 10. Qxd2 O-O 11. Bc4 Nc6 12. O-O b6 13. Rad1 Na5 14. Bd3 Bb7 15. Rfe1 Rc8 16. d5 exd5 17. e5 Qe7 18. Qf4 h6 19. h4 Nc6 20. h5 Nb4 21. Bb1 Rc4 22. Qf5 g6 23. hxg6 fxg6 24. Qxg6+ Qg7 25. Qxg7+ Kxg7 26. Nd4 Bc8 27. e6 Kf6 28. Re3 Nc6 29. Rf3+ Ke7 30. Nf5+ Rxf5 31. Rxf5 Bxe6 32. Rh5 Nd4 33. Re1 Kd6 34. Rxh6 Kc5 35. Rh7 a5 36. Bd3 Ra4 37. Bb1 b5 38. Rc7+ Kd6 39. Ra7 Bd7 40. f3 b4 41. Ra8 Bf5 42. Bxf5 Nxf5 43. Rd8+ Kc5 44. Rc1+ Kd4 45. Rd1+ Kc3 46. R8xd5 Rxa2 47. Rc5+ Kb3 48. Rd3+ Ka4 49. Rdd5 Kb3 50. Rxf5 a4 51. Rf4 a3 52. Rb5 Ra1+ 53. Kh2 a2 54. Rbxb4+ Kc3 55. Ra4 Kb2 56. Rfe4 Kb3 57. Reb4+ Kc3 58. Rb5 Rb1 59. Rba5 Rb8 60. Rxa2 1-0

[Event "EYCC Open-U14 2019"]
[Site "Bratislava"]
[Date "2019.08.08"]
[Round "7.40"]
[White "Djurovic, Peko"]
[Black "Grahn, Vidar"]
[Result "0-1"]
[ECO "B34"]
[WhiteElo "2048"]
[BlackElo "1980"]
[Annotator "NA"]
[PlyCount "72"]
[EventDate "2019.08.02"]
[EventType "swiss"]
[EventCountry "SVK"]
[SourceTitle "playchess.com"]
[Source "ChessBase"]
[SourceQuality "1"]
[TimeControl "40/5400+30:1800+30"]

1. e4 c5 2. Nf3 Nc6 3. d4 cxd4 4. Nxd4 g6 5. Nc3 Bg7 6. Be3 Nf6 7. f3 O-O 8. Qd2 d5 9. O-O-O dxe4 10. Qe1 Qa5 11. fxe4 Ng4 12. Nxc6 bxc6 13. Bd4 Be6 14. Bxg7 Kxg7 15. Kb1 Rab8 16. h4 h5 17. Bd3 Rb7 18. b3 Rfb8 19. Rf1 c5 20. Nd5 Qxe1 21. Rdxe1 Ne5 22. Ba6 Rd7 23. c4 Rd6 24. Bb5 a6 25. Ba4 Nxc4 26. Kc2 Nb6 27. Nxe7 Nxa4 28. bxa4 Rb7 29. Nd5 Bxd5 30. exd5 Rxd5 31. Re4 Rbd7 32. Kb3 Rd2 33. g4 Rb7+ 34. Kc3 Rd4 35. Rff4 Rbb4 36. Rxd4 Rxd4 0-1

[Event "EYCC Open-U14 2019"]
[Site "Bratislava"]
[Date "2019.08.08"]
[Round "7.41"]
[White "Falkevall, Axel"]
[Black "Pegno, Mattia"]
[Result "0-1"]
[ECO "B22"]
[WhiteElo "2067"]
[BlackElo "1821"]
[Annotator "NA"]
[PlyCount "62"]
[EventDate "2019.08.02"]
[EventType "swiss"]
[EventCountry "SVK"]
[SourceTitle "playchess.com"]
[Source "ChessBase"]
[SourceQuality "1"]
[TimeControl "40/5400+30:1800+30"]

1. e4 c5 2. c3 Nf6 3. e5 Nd5 4. d4 cxd4 5. Nf3 d6 6. cxd4 e6 7. a3 Nc6 8. Bd3 dxe5 9. dxe5 Be7 10. O-O O-O 11. Qe2 Qc7 12. Qe4 f5 13. exf6 Nxf6 14. Qc4 Kh8 15. Nc3 Bd7 16. Bg5 Rac8 17. Qh4 h6 18. Rfe1 Kg8 19. Bxh6 gxh6 20. Qxh6 Rf7 21. Nb5 Qb6 22. h3 Rcf8 23. Rac1 a6 24. Rc4 Rg7 25. Rh4 Kf7 26. Ng5+ Rxg5 27. Qxg5 Ke8 28. Qg6+ Kd8 29. Nc3 Ng4 30. Rxg4 Qxf2+ 31. Kh2 Bd6+ 0-1

[Event "EYCC Open-U14 2019"]
[Site "Bratislava"]
[Date "2019.08.08"]
[Round "7.42"]
[White "Maldonado Mena, German"]
[Black "Brnusak, Tomas"]
[Result "1/2-1/2"]
[ECO "E71"]
[WhiteElo "1822"]
[BlackElo "2032"]
[Annotator "NA"]
[PlyCount "77"]
[EventDate "2019.08.02"]
[EventType "swiss"]
[EventCountry "SVK"]
[SourceTitle "playchess.com"]
[Source "ChessBase"]
[SourceQuality "1"]
[TimeControl "40/5400+30:1800+30"]

1. d4 Nf6 2. c4 g6 3. Nc3 Bg7 4. e4 d6 5. h3 O-O 6. Be3 c6 7. g4 Na6 8. Nge2 e5 9. d5 cxd5 10. cxd5 Qa5 11. Ng3 Nc5 12. f3 a6 13. Rb1 Qd8 14. b4 Ncd7 15. h4 b5 16. Qd2 Re8 17. h5 Nf8 18. a4 bxa4 19. Nxa4 Rb8 20. Qf2 Bd7 21. Nc3 Qc7 22. Rc1 Qb7 23. h6 Bh8 24. g5 Nh5 25. Nxh5 gxh5 26. Qd2 Ng6 27. Rxh5 Rec8 28. Na2 Rxc1+ 29. Qxc1 Rc8 30. Qd2 Bb5 31. Rh1 f6 32. Bh3 Rc7 33. Be6+ Kf8 34. gxf6 Bxf6 35. Bg5 Bxg5 36. Qxg5 Qb6 37. Qd8+ Be8 38. Qf6+ Bf7 39. Qd8+ 1/2-1/2

[Event "EYCC Open-U14 2019"]
[Site "Bratislava"]
[Date "2019.08.08"]
[Round "7.43"]
[White "Indriunas, Matas"]
[Black "Krivenko, Dion"]
[Result "1/2-1/2"]
[ECO "B34"]
[WhiteElo "1960"]
[BlackElo "1700"]
[Annotator "NA"]
[PlyCount "54"]
[EventDate "2019.08.02"]
[EventType "swiss"]
[EventCountry "SVK"]
[SourceTitle "playchess.com"]
[Source "ChessBase"]
[SourceQuality "1"]
[TimeControl "40/5400+30:1800+30"]

1. e4 c5 2. Nc3 Nc6 3. Nge2 g6 4. d4 cxd4 5. Nxd4 Bg7 6. Be3 Nf6 7. Nxc6 bxc6 8. e5 Ng8 9. Bd4 Qc7 10. e6 Nf6 11. exd7+ Bxd7 12. Qe2 O-O 13. g3 c5 14. Bxf6 exf6 15. O-O-O Bc6 16. Nd5 Bxd5 17. Rxd5 Rfe8 18. Qd2 c4 19. Bg2 Rab8 20. c3 Qb7 21. f4 Qa6 22. Kb1 Qe6 23. Rd1 Bf8 24. Ka1 Be7 25. Rd7 Red8 26. Rxd8+ Rxd8 27. Bd5 Qc8 1/2-1/2

[Event "EYCC Open-U14 2019"]
[Site "Bratislava"]
[Date "2019.08.08"]
[Round "7.44"]
[White "Andjelic, Djordje"]
[Black "Grzesik, Gracjan"]
[Result "0-1"]
[ECO "A47"]
[WhiteElo "1787"]
[BlackElo "2004"]
[Annotator "NA"]
[PlyCount "68"]
[EventDate "2019.08.02"]
[EventType "swiss"]
[EventCountry "SVK"]
[SourceTitle "playchess.com"]
[Source "ChessBase"]
[SourceQuality "1"]
[TimeControl "40/5400+30:1800+30"]

1. d4 Nf6 2. Nf3 b6 3. Bf4 Bb7 4. Nbd2 g6 5. e3 Bg7 6. Be2 O-O 7. O-O d6 8. h3 Nbd7 9. c3 Qe8 10. Nc4 Ne4 11. Qc2 e5 12. dxe5 dxe5 13. Bh2 Kh8 14. Nfd2 Nxd2 15. Nxd2 f5 16. Rad1 Qe7 17. Nc4 Qg5 18. g3 Rad8 19. f4 exf4 20. exf4 Qe7 21. b4 b5 22. Ne5 Nxe5 23. fxe5 Qxe5 24. Bf3 Be4 25. Bxe4 fxe4 26. g4 Qe7 27. Rxd8 Rxd8 28. Qe2 Bxc3 29. Qxb5 e3 30. Qc4 Be5 31. Bxe5+ Qxe5 32. Qf4 Qxf4 33. Rxf4 Rd1+ 34. Kg2 e2 0-1

[Event "EYCC Open-U14 2019"]
[Site "Bratislava"]
[Date "2019.08.08"]
[Round "7.45"]
[White "Zemach, Nadav"]
[Black "Olde, Karl Erik"]
[Result "1/2-1/2"]
[ECO "E06"]
[WhiteElo "1997"]
[BlackElo "1516"]
[Annotator "NA"]
[PlyCount "39"]
[EventDate "2019.08.02"]
[EventType "swiss"]
[EventCountry "SVK"]
[SourceTitle "playchess.com"]
[Source "ChessBase"]
[SourceQuality "1"]
[TimeControl "40/5400+30:1800+30"]

1. d4 d5 2. c4 e6 3. Nf3 Nf6 4. g3 Be7 5. Bg2 O-O 6. O-O dxc4 7. Qc2 a6 8. a4 Bd7 9. Qxc4 Bc6 10. Bf4 Nh5 11. Bd2 Bd5 12. Qc2 Nf6 13. Nc3 Bxf3 14. Bxf3 c6 15. Qb3 Qxd4 16. Rfd1 Qb4 17. Qc2 Qb6 18. Bf4 a5 19. e4 Nbd7 20. Rac1 1/2-1/2

[Event "EYCC Open-U14 2019"]
[Site "Bratislava"]
[Date "2019.08.08"]
[Round "7.46"]
[White "Danaci, Ege"]
[Black "Petreski, Leonid"]
[Result "1-0"]
[ECO "B33"]
[WhiteElo "1976"]
[BlackElo "1644"]
[Annotator "NA"]
[PlyCount "61"]
[EventDate "2019.08.02"]
[EventType "swiss"]
[EventCountry "SVK"]
[SourceTitle "playchess.com"]
[Source "ChessBase"]
[SourceQuality "1"]
[TimeControl "40/5400+30:1800+30"]

1. e4 c5 2. Nf3 Nc6 3. d4 cxd4 4. Nxd4 Nf6 5. Nc3 e5 6. Ndb5 d6 7. Bg5 a6 8. Na3 b5 9. Nd5 Be7 10. Bxf6 Bxf6 11. c3 Bg5 12. Be2 O-O 13. O-O Be6 14. Bg4 g6 15. Nc2 Kh8 16. Nce3 f5 17. Bh3 Bc8 18. a4 Rb8 19. axb5 Rxb5 20. Nc4 fxe4 21. Bxc8 Qxc8 22. Nxd6 Qb8 23. Nxb5 Qxb5 24. Qg4 Qxd5 25. Qxg5 Qb5 26. b4 Kg7 27. Qe3 Kf6 28. Qxe4 Ke6 29. c4 Qb6 30. Qd5+ Kf6 31. b5 1-0

[Event "EYCC Open-U14 2019"]
[Site "Bratislava"]
[Date "2019.08.08"]
[Round "7.47"]
[White "Backiel, Hubert"]
[Black "Vaupot, Luka"]
[Result "0-1"]
[ECO "C02"]
[WhiteElo "1748"]
[BlackElo "1939"]
[Annotator "NA"]
[PlyCount "132"]
[EventDate "2019.08.02"]
[EventType "swiss"]
[EventCountry "SVK"]
[SourceTitle "playchess.com"]
[Source "ChessBase"]
[SourceQuality "1"]
[TimeControl "40/5400+30:1800+30"]

1. e4 e6 2. d4 d5 3. e5 c5 4. c3 Nc6 5. Be3 Qb6 6. Qd2 Bd7 7. Nf3 f6 8. Be2 cxd4 9. cxd4 fxe5 10. Nxe5 Nxe5 11. dxe5 Bc5 12. Bxc5 Qxc5 13. O-O Ne7 14. b4 Qb6 15. a4 a6 16. a5 Qa7 17. Qg5 Nf5 18. Nd2 O-O 19. Nf3 Nd4 20. Bd1 Rac8 21. Qd2 Rc4 22. Ra3 Bb5 23. Re1 Nxf3+ 24. Bxf3 Qd4 25. Rd3 Qf4 26. Ree3 Rxb4 27. g3 Rb1+ 28. Kg2 Qb4 29. Qxb4 Rxb4 30. Rb3 Rxb3 31. Rxb3 Rc8 32. Bg4 Kf7 33. Rb2 Rc5 34. f4 Bc6 35. Ra2 g6 36. Kf2 Rc4 37. Ke3 Ke7 38. Be2 Rb4 39. Kd2 Bb5 40. Kc3 Rb1 41. Bg4 Bc4 42. Ra3 Rh1 43. Kd4 Rxh2 44. Kc5 Rb2 45. Bd1 Kd7 46. Bf3 Rb5+ 47. Kd4 b6 48. axb6 Rxb6 49. Kc5 Kc7 50. Bg4 Rc6+ 51. Kd4 Kb6 52. Bd1 a5 53. Ra1 Bb5 54. Bb3 a4 55. Bd1 Ka5 56. g4 Rc4+ 57. Ke3 Re4+ 58. Kf3 Re1 59. Kf2 Rf1+ 60. Ke3 Kb6 61. Rb1 Kc5 62. f5 gxf5 63. Rxb5+ Kxb5 64. Be2+ Kb4 65. Bxf1 a3 66. gxf5 a2 0-1

[Event "EYCC Open-U14 2019"]
[Site "Bratislava"]
[Date "2019.08.08"]
[Round "7.48"]
[White "Putar, Leon"]
[Black "Stockmann, Till"]
[Result "1-0"]
[ECO "B22"]
[WhiteElo "1742"]
[BlackElo "1975"]
[Annotator "NA"]
[PlyCount "23"]
[EventDate "2019.08.02"]
[EventType "swiss"]
[EventCountry "SVK"]
[SourceTitle "playchess.com"]
[Source "ChessBase"]
[SourceQuality "1"]
[TimeControl "40/5400+30:1800+30"]

1. e4 c5 2. c3 d5 3. e5 Nc6 4. Nf3 Bg4 5. Bb5 e6 6. Bxc6+ bxc6 7. Qa4 f5 8. Qxc6+ Ke7 9. Qb7+ Ke8 10. Ng5 Ne7 11. Nxe6 Qc8 12. Qxa8 1-0

[Event "EYCC Open-U14 2019"]
[Site "Bratislava"]
[Date "2019.08.09"]
[Round "8.1"]
[White "Tsvetkov, Andrey"]
[Black "Popov, Konstantin"]
[Result "1/2-1/2"]
[ECO "E20"]
[WhiteElo "2324"]
[BlackElo "2367"]
[Annotator "NA"]
[PlyCount "119"]
[EventDate "2019.08.02"]
[EventType "swiss"]
[EventCountry "SVK"]
[SourceTitle "playchess.com"]
[Source "ChessBase"]
[SourceQuality "1"]
[TimeControl "40/5400+30:1800+30"]

1. d4 Nf6 2. c4 e6 3. Nc3 Bb4 4. f3 c5 5. d5 d6 6. e4 O-O 7. Nge2 a6 8. Ng3 b5 9. Be2 exd5 10. cxd5 c4 11. O-O Nbd7 12. Kh1 Nc5 13. Be3 Re8 14. Bd4 Ba5 15. b3 h5 16. bxc4 h4 17. Nf5 Bxf5 18. exf5 b4 19. Ne4 Ncxe4 20. fxe4 Bb6 21. Bxf6 Qxf6 22. Qd3 Bc5 23. Rae1 a5 24. Bd1 a4 25. Re2 Reb8 26. Bc2 b3 27. axb3 axb3 28. Bb1 b2 29. e5 dxe5 30. Qe4 Bd4 31. Rd2 Rc8 32. d6 Rd8 33. c5 Bxc5 34. Rxb2 Bxd6 35. Ba2 Rab8 36. Rxb8 Rxb8 37. Rb1 Rxb1+ 38. Bxb1 Qg5 39. Qe1 Qf4 40. Be4 Bb4 41. Qb1 Qf2 42. Qd1 Qe3 43. Bd5 Bc5 44. Qb1 Qd2 45. Be4 Ba3 46. Qf1 Qe3 47. Bd5 e4 48. Qb1 h3 49. Bxe4 Bc1 50. gxh3 Qe1+ 51. Kg2 Qe2+ 52. Kg1 Bf4 53. Bg2 Qe5 54. Qe4 Qc5+ 55. Kf1 Be3 56. Qd3 Bd4 57. Be4 Qc1+ 58. Ke2 Qb2+ 59. Qd2 Qb5+ 60. Qd3 1/2-1/2

[Event "EYCC Open-U14 2019"]
[Site "Bratislava"]
[Date "2019.08.09"]
[Round "8.2"]
[White "Oglaza, Oskar"]
[Black "Kostolansky, Sebastian Lukas"]
[Result "1/2-1/2"]
[ECO "D70"]
[WhiteElo "2345"]
[BlackElo "2406"]
[Annotator "NA"]
[PlyCount "169"]
[EventDate "2019.08.02"]
[EventType "swiss"]
[EventCountry "SVK"]
[SourceTitle "playchess.com"]
[Source "ChessBase"]
[SourceQuality "1"]
[TimeControl "40/5400+30:1800+30"]

1. d4 Nf6 2. c4 g6 3. Nf3 Bg7 4. g3 b6 5. Bg2 Bb7 6. Nc3 O-O 7. O-O d6 8. Qc2 c5 9. Rd1 cxd4 10. Nxd4 Bxg2 11. Kxg2 Qc7 12. Nd5 Nxd5 13. cxd5 Qxc2 14. Nxc2 Na6 15. Rb1 Rfc8 16. Ne1 Rc7 17. Bd2 Nc5 18. Rdc1 Rac8 19. f3 e6 20. dxe6 fxe6 21. b3 Kf7 22. Rc2 d5 23. Rbc1 e5 24. Nd3 Ne6 25. Rxc7+ Rxc7 26. Rxc7+ Nxc7 27. e4 Ke6 28. Kf2 Nb5 29. exd5+ Kxd5 30. Nb4+ Kd4 31. a4 Nc7 32. Ke2 Kc5 33. Nc2 Ne6 34. Kd3 Kd5 35. b4 a6 36. Bc3 Ng5 37. Ne3+ Kc6 38. f4 exf4 39. gxf4 Bxc3 40. Kxc3 Nf3 41. Kd3 b5 42. a5 Kd6 43. h3 Ng1 44. h4 Nf3 45. Ng2 Kd5 46. Ne3+ Ke6 47. Ke4 Nxh4 48. Nd5 Kd6 49. Nf6 h6 50. Ne8+ Kc6 51. Ng7 Kd6 52. Ne8+ Kc6 53. Ng7 Kd7 54. Kd5 Ng2 55. Ne6 Ne3+ 56. Ke5 Ng4+ 57. Kd5 Nf6+ 58. Ke5 Ng4+ 59. Kd5 Nf6+ 60. Ke5 Ke7 61. Nc7 Nd7+ 62. Kd5 Nb8 63. Kc5 h5 64. f5 gxf5 65. Nd5+ Kd7 66. Nf6+ Kc7 67. Nxh5 Nc6 68. Ng7 Ne5 69. Kd4 Nc6+ 70. Kc5 Ne5 71. Kd4 Nf3+ 72. Ke3 Nh4 73. Ne6+ Kc6 74. Nc5 Ng2+ 75. Kf3 Ne1+ 76. Kf4 Nc2 77. Nxa6 Nd4 78. Ke5 Nc2 79. Kxf5 Kb7 80. Nc5+ Ka7 81. Nd3 Ka6 82. Ke5 Nxb4 83. Nxb4+ Kxa5 84. Nd5 b4 85. Nxb4 1/2-1/2